[Event "Titled Tuesday Blitz July 27 2021"]
[White "Langrock, Hannes"]
[Black "Devaev, Alexander"]
[WhiteFideId "4655290"]
[BlackFideId "4169395"]
[WhiteElo "2353"]
[BlackElo "2185"]
[Result "1-0"]
[Round "11"]
[TimeControl "180+1"]
[Date "2021.07.27"]
[WhiteClock "0:00:10"]
[BlackClock "0:00:06"]

1. d4 Nf6 2. c4 e6 3. g3 c5 4. Nf3 cxd4 5. Nxd4 Nc6 6. Bg2 a6 7. O-O Be7 8. Nc3 Ne5 9. b3 d6 10. Bb2 O-O 11. f4 Ng6 12. Qd2 Qc7 13. Kh1 Re8 14. a4 Rb8 15. a5 Bf8 16. e3 Nd7 17. Na4 Nc5 18. Qc3 Nxa4 19. Rxa4 Bd7 20. Ra2 h6 21. Be4 Ne7 22. Kg2 Nc6 23. h4 Nxd4 24. Qxd4 Bc6 25. Kh2 f5 26. Bxc6 Qxc6 27. Bc3 b5 28. axb6 Rxb6 29. Rb1 Reb8 30. Rab2 d5 31. cxd5 Qxd5 32. Qxd5 exd5 33. Bd4 Rb5 34. Kg2 Ba3 35. Rc2 Rxb3 36. Rxb3 Rxb3 37. Rc8+ Kf7 38. Rc7+ Ke6 39. Rxg7 Bc1 40. Rg6+ Kf7 41. Rf6+ Ke7 42. Rxf5 Ke6 43. Re5+ Kd6 44. Rh5 Bxe3 45. Rxh6+ Kd7 46. Bxe3 Rxe3 47. Rxa6 d4 48. Kf2 Rb3 49. h5 Rb2+ 50. Kf3 d3 51. Ra3 Rd2 52. h6 Ke7 53. h7 Rh2 54. Rxd3 Rxh7 55. Re3+ Kf6 56. Re5 Rh1 57. Rg5 Rf1+ 58. Kg4 Ra1 59. Rc5 Ra6 60. Rb5 Rd6 61. Rf5+ Kg6 62. Rg5+ Kf6 63. Rc5 Kg6 64. Kh4 Rd1 65. Rg5+ Kf6 66. Rg8 Rh1+ 67. Kg4 Rb1 68. Rh8 Kg7 69. Rh5 Kg6 70. Rg5+ Kf6 71. Rc5 Rb6 72. Ra5 Rd6 73. Kh5 Rd3 74. Rg5 Rd1 75. Rg8 Rh1+ 76. Kg4 Ra1 77. Rf8+ Kg7 78. Rf5 Kg6 79. Re5 Kf6 80. Rc5 Ra4 81. Rc6+ Kf7 82. Kg5 Ra3 83. g4 Ra7 84. f5 Rd7 85. Rf6+ Kg7 86. Rg6+ Kh7 87. Ra6 Kg7 88. Kh5 Rd1 89. Kg5 Rd7 90. Rg6+ Kf7 91. Rh6 Kg7 92. f6+ Kg8 93. Kg6 Rg7+ 94. Kf5 Ra7 95. Rh1 Kf7 96. Rh7+ Kg8 97. Rxa7 1-0


[Site "https://www.chess.com"]

[Event "Titled Tuesday Blitz July 27 2021"]
[White "Lauridsen, Jesper Morch"]
[Black "Florescu, Codrut-Constantin"]
[WhiteFideId "1401890"]
[BlackFideId "1202200"]
[WhiteElo "2333"]
[BlackElo "2243"]
[Result "1-0"]
[Round "11"]
[TimeControl "180+1"]
[Date "2021.07.27"]
[WhiteClock "0:02:00"]
[BlackClock "0:02:19"]

1. e4 c5 2. Nf3 e6 3. d4 cxd4 4. Nxd4 Nc6 5. Nc3 a6 6. g3 Qc7 7. Bg2 Nf6 8. O-O Nxd4 9. Qxd4 Bc5 10. Bf4 d6 11. Qd2 h6 12. Rad1 e5 13. Be3 Be6 14. Bxc5 dxc5 15. Nd5 Bxd5 16. exd5 Qd6 17. f4 exf4 18. Rfe1+ Kd7 19. Re6 Qc7 20. Re7+ Kxe7 21. d6+ 1-0


[Site "https://www.chess.com"]

[Event "Titled Tuesday Blitz July 27 2021"]
[White "Le, Tuan Minh"]
[Black "Shkapenko, Pavel"]
[WhiteFideId "12401153"]
[BlackFideId "4151933"]
[WhiteElo "2450"]
[BlackElo "2386"]
[Result "1-0"]
[Round "11"]
[TimeControl "180+1"]
[Date "2021.07.27"]
[WhiteClock "0:00:34"]
[BlackClock "0:00:16"]

1. d4 Nf6 2. Nf3 e6 3. c4 Bb4+ 4. Nbd2 d5 5. Qc2 O-O 6. a3 Be7 7. e3 b6 8. Bd3 Nbd7 9. cxd5 exd5 10. b4 Bd6 11. Bb2 Qe7 12. O-O Bb7 13. Rfc1 Ne4 14. Nf1 f5 15. Ne5 Rac8 16. Nc6 Qg5 17. f4 Qh5 18. Nxa7 Rce8 19. Nb5 Re6 20. Qe2 Qxe2 21. Bxe2 c6 22. Nxd6 Nxd6 23. a4 Nf6 24. a5 b5 25. a6 Ba8 26. Rc3 Nc4 27. Bc1 Ne4 28. Rc2 Ned6 29. Bd3 g6 30. h3 h5 31. g4 fxg4 32. hxg4 hxg4 33. Rg2 Kf7 34. Rxg4 Nf5 35. Ra2 Nfxe3 36. Nxe3 Nxe3 37. Bxe3 Rxe3 38. Bxg6+ Kf6 39. Rh2 Rg8 40. Rh6 Ke7 41. Rh7+ Kd6 42. Kf2 Rb3 43. Bf5 Rxg4 44. Rd7# 1-0


[Site "https://www.chess.com"]

[Event "Titled Tuesday Blitz July 27 2021"]
[White "Lee, Qing Aun"]
[Black "Preotu, Razvan"]
[WhiteFideId "5804167"]
[BlackFideId "2613280"]
[WhiteElo "2023"]
[BlackElo "2407"]
[Result "0-1"]
[Round "11"]
[TimeControl "180+1"]
[Date "2021.07.27"]
[WhiteClock "0:00:01"]
[BlackClock "0:00:03"]

1. e4 c5 2. Nf3 d6 3. d4 cxd4 4. Nxd4 Nf6 5. Nc3 a6 6. Bg5 e6 7. f4 Be7 8. Qf3 Qc7 9. O-O-O Nbd7 10. g4 b5 11. Bxf6 Nxf6 12. g5 Nd7 13. f5 O-O 14. Rg1 b4 15. Nce2 exf5 16. exf5 Bb7 17. Qg3 Rfc8 18. f6 Bf8 19. Nf4 d5 20. Bd3 Nc5 21. Bxh7+ Kxh7 22. g6+ Kg8 23. Qh4 fxg6 24. Nxg6 Ne4 25. Qh8+ Kf7 26. Nxf8 Qf4+ 27. Kb1 Qxf6 28. Rdf1 Nd2+ 29. Kc1 Nxf1 30. Qh5+ Kxf8 31. Nf5 d4 32. Rxg7 Qxg7 33. Nxg7 Kxg7 34. Qg4+ Kf7 35. Qd7+ Kf6 36. Qxb7 Ne3 37. Qb6+ Ke5 38. Qxb4 Rxc2+ 39. Kb1 Rac8 40. Qe7+ Kf4 41. Qf6+ Ke4 42. Qg6+ Kf3 43. Qf7+ Ke2 44. Qh5+ Kd2 45. a3 Rb8 46. Qa5+ Kd1 47. Qa4 Rxb2+ 48. Ka1 Kc1 49. Qb3 Rxb3 0-1


[Site "https://www.chess.com"]

[Event "Titled Tuesday Blitz July 27 2021"]
[White "Libiszewski, Fabien"]
[Black "Maltsevskaya, Aleksandra"]
[WhiteFideId "616834"]
[BlackFideId "24174041"]
[WhiteElo "2440"]
[BlackElo "2225"]
[Result "1-0"]
[Round "11"]
[TimeControl "180+1"]
[Date "2021.07.27"]
[WhiteClock "0:00:07"]
[BlackClock "0:00:01"]

1. e4 c6 2. Nc3 d5 3. Qf3 e6 4. d4 dxe4 5. Qxe4 Nf6 6. Qh4 Be7 7. Bg5 h6 8. Nf3 O-O 9. Bd3 Nd5 10. Nxd5 exd5 11. Bxe7 Re8 12. O-O-O Qxe7 13. Rhe1 Be6 14. Qh5 Nd7 15. Ne5 Nf6 16. Qf3 c5 17. dxc5 Qxc5 18. g4 d4 19. a3 Rac8 20. Kb1 b5 21. Rc1 b4 22. a4 Qa5 23. Bb5 Bd5 24. Qf4 Re6 25. Qxd4 Rd6 26. Qf4 a6 27. Nxf7 Kxf7 28. Qxd6 axb5 29. Re7+ Kg8 30. g5 Qxa4 31. Rxg7+ Kxg7 32. gxf6+ Kg6 33. Rg1+ Kf5 34. Qxd5+ Kxf6 35. Qd6+ Kf5 36. Qd7+ Kf4 37. Qxc8 1-0


[Site "https://www.chess.com"]

[Event "Titled Tuesday Blitz July 27 2021"]
[White "Liyanage, Ranindu Dilshan"]
[Black "Timmermans, Mark"]
[WhiteFideId "9915834"]
[BlackFideId "1026399"]
[WhiteElo "1839"]
[BlackElo "2460"]
[Result "0-1"]
[Round "11"]
[TimeControl "180+1"]
[Date "2021.07.27"]
[WhiteClock "0:00:04"]
[BlackClock "0:00:31"]

1. e4 e5 2. Nf3 Nc6 3. d4 exd4 4. Nxd4 Nf6 5. Nc3 Bb4 6. Nxc6 bxc6 7. Bd3 d5 8. exd5 O-O 9. O-O cxd5 10. Bg5 c6 11. Qf3 Be7 12. h3 Re8 13. Ne2 Rb8 14. Rab1 h6 15. Bf4 Bd6 16. Rfd1 Be6 17. Ng3 Rb4 18. Bd2 Rb7 19. c3 Rbe7 20. Bf4 Bxf4 21. Qxf4 Nd7 22. c4 Qb8 23. Qxb8 Rxb8 24. Nf5 Bxf5 25. Bxf5 Nf6 26. cxd5 cxd5 27. Rd2 g6 28. Bd3 Kg7 29. Rbd1 a5 30. a4 Rb4 31. Bb5 Rc7 32. f3 h5 33. g3 h4 34. g4 Nh7 35. Rxd5 Rxb2 36. R5d2 Rb3 37. Rd3 Rcc3 38. Kg2 Ng5 39. R1d2 Ne6 40. Rxc3 Rxc3 41. Rf2 Nf4+ 42. Kh2 g5 43. Be8 Kf8 44. Bb5 Ke7 45. Ba6 Ke6 46. Bb5 f5 47. gxf5+ Kxf5 48. Bd7+ Kf6 49. Bg4 Ra3 50. Bd7 Ke7 51. Bb5 Kd6 52. Be8 Ke5 53. Bd7 Nd5 54. Re2+ Kd6 55. Bg4 Rxa4 56. Rd2 Rf4 57. Bh5 a4 58. Ra2 Kc5 59. Be8 Nb6 60. Rc2+ Rc4 61. Rxc4+ Kxc4 62. Bxa4 Nxa4 63. Kg2 Kd4 64. f4 gxf4 65. Kf3 Ke5 66. Kg4 Ke4 67. Kxh4 f3 0-1


[Site "https://www.chess.com"]

[Event "Titled Tuesday Blitz July 27 2021"]
[White "Lohani, Sujana"]
[Black "Golubev, Mikhail"]
[WhiteFideId "12311987"]
[BlackFideId "14100983"]
[WhiteElo "1691"]
[BlackElo "2374"]
[Result "0-1"]
[Round "11"]
[TimeControl "180+1"]
[Date "2021.07.27"]
[WhiteClock "0:00:43"]
[BlackClock "0:00:16"]

1. d4 g6 2. c4 Bg7 3. Nc3 d6 4. e4 Nf6 5. Be2 O-O 6. Be3 Nc6 7. d5 Ne5 8. h3 e6 9. g4 exd5 10. exd5 Re8 11. Qd2 c6 12. O-O-O cxd5 13. cxd5 Qc7 14. Kb1 Nc4 15. Bxc4 Qxc4 16. Qd3 Qxd3+ 17. Rxd3 h5 18. f3 b6 19. Bd4 Re1+ 20. Kc2 Ba6 21. Rd1 Rae8 22. Rxe1 Rxe1 23. Rh2 Nxd5 24. Bxg7 Kxg7 25. Nxd5 Rxg1 26. gxh5 gxh5 27. Nf4 Bb7 28. Nxh5+ Kh6 29. Nf4 Bxf3 30. Rd2 Be4+ 31. Kc3 Kg5 32. Ne2 Rg2 33. Nd4 Rg3+ 34. Kc4 Rxh3 35. Nb5 d5+ 36. Kd4 a5 37. Nc3 f5 38. Nxd5 Bxd5 39. Kxd5 f4 40. Kc6 Rh6+ 41. Kb5 Rf6 42. b4 axb4 43. Kxb4 f3 44. Rf2 Kg4 45. Kc4 Kg3 46. Rf1 f2 47. Kd3 Kg2 48. Ke2 Re6+ 49. Kd2 Kxf1 0-1


[Site "https://www.chess.com"]

[Event "Titled Tuesday Blitz July 27 2021"]
[White "Luo, Terry"]
[Black "Krishnakumar, Sriram"]
[WhiteFideId "30931045"]
[BlackFideId "30915856"]
[WhiteElo "2024"]
[BlackElo "2266"]
[Result "1-0"]
[Round "11"]
[TimeControl "180+1"]
[Date "2021.07.27"]
[WhiteClock "0:01:17"]
[BlackClock "0:00:16"]

1. d4 d5 2. c3 Nf6 3. Bf4 e6 4. Nf3 Bd6 5. e3 O-O 6. Nbd2 c5 7. Bd3 Qc7 8. Bxd6 Qxd6 9. O-O b6 10. e4 dxe4 11. Nxe4 Nxe4 12. Bxe4 Nc6 13. dxc5 Qxc5 14. b4 Qxc3 15. Rc1 Qxb4 16. Bxc6 Rb8 17. Ne5 Ba6 18. Re1 Rbd8 19. Qb3 Qxb3 20. axb3 f5 21. f4 Rd4 22. g3 Bc8 23. Rcd1 Rb4 24. Re3 a5 25. Rc3 Ba6 26. Bd7 Rf6 27. Bxe6+ Rxe6 28. Rd8+ 1-0


[Site "https://www.chess.com"]

[Event "Titled Tuesday Blitz July 27 2021"]
[White "Madaminov, Mukhiddin"]
[Black "Petrovskyi, Vadym"]
[WhiteFideId "14210703"]
[BlackFideId "14165210"]
[WhiteElo "1747"]
[BlackElo "2305"]
[Result "1-0"]
[Round "11"]
[TimeControl "180+1"]
[Date "2021.07.27"]
[WhiteClock "0:00:35"]
[BlackClock "0:00:11"]

1. e4 c5 2. Nf3 d6 3. Bb5+ Nc6 4. O-O Bd7 5. Re1 Nf6 6. c3 a6 7. Bf1 Bg4 8. h3 Bxf3 9. Qxf3 e6 10. d3 Be7 11. Be3 O-O 12. Nd2 d5 13. exd5 Nxd5 14. a4 Nxe3 15. Qxe3 Bg5 16. Qe2 Bxd2 17. Qxd2 Qd6 18. a5 Rfd8 19. Qe3 Ne7 20. Ra4 Nd5 21. Qf3 Qc7 22. g3 Rab8 23. Bg2 b5 24. axb6 Rxb6 25. Re2 Rdb8 26. Kh2 h6 27. Ra2 R8b7 28. Qg4 Qb8 29. Bxd5 exd5 30. Qf5 Qd8 31. Kg2 Rf6 32. Qg4 d4 33. Qe4 Rfb6 34. Rxa6 dxc3 35. Rxb6 Rxb6 36. bxc3 Rd6 37. Re3 g6 38. g4 Qf6 39. Rf3 Qe6 40. Qxe6 Rxe6 41. Re3 Rd6 42. Kf3 Kg7 43. Ke2 Kf6 44. f4 Ra6 45. Kf3 g5 46. Re5 Rd6 47. Ke4 gxf4 48. Rxc5 Kg6 49. d4 Rf6 50. Rf5 Rc6 51. Rc5 Rf6 52. Kf3 Kg7 53. h4 Kg6 54. c4 Rd6 55. d5 h5 56. Rc6 1-0


[Site "https://www.chess.com"]

[Event "Titled Tuesday Blitz July 27 2021"]
[White "Maevsky, Nikolay"]
[Black "Altman, Joshua"]
[WhiteFideId "4198220"]
[BlackFideId "426210"]
[WhiteElo "2213"]
[BlackElo "1945"]
[Result "1-0"]
[Round "11"]
[TimeControl "180+1"]
[Date "2021.07.27"]
[WhiteClock "0:00:31"]
[BlackClock "0:00:39"]

1. d4 Nf6 2. Nf3 e6 3. e3 b6 4. Bd3 Bb7 5. Nbd2 Be7 6. O-O O-O 7. b3 c5 8. Bb2 cxd4 9. exd4 d6 10. Re1 Nbd7 11. c4 Re8 12. Rc1 Bf8 13. Nf1 h6 14. Ng3 Qc7 15. h3 Rac8 16. a4 Qb8 17. Bf1 Qa8 18. Nd2 g6 19. Ba3 d5 20. Bxf8 Rxf8 21. Re3 Rfd8 22. Rec3 Ne4 23. Ndxe4 dxe4 24. Qg4 Nf6 25. Qf4 Kg7 26. Qe5 Qb8 27. Nh5+ gxh5 28. Rg3+ Kf8 29. Qxf6 Qd6 30. Rg7 Rc7 31. Rh7 Ke8 32. Rh8+ Kd7 33. Rxd8+ Kc6 34. Rxd6+ Kxd6 35. Qe5+ Kd7 36. c5 bxc5 37. dxc5 Rxc5 38. Qxc5 Bd5 39. Bb5+ Kd8 40. Qc7# 1-0


[Site "https://www.chess.com"]

[Event "Titled Tuesday Blitz July 27 2021"]
[White "Mahalakshmi, M"]
[Black "Arnold, Ken"]
[WhiteFideId "5001080"]
[BlackFideId "2056836"]
[WhiteElo "2176"]
[BlackElo "2495"]
[Result "0-1"]
[Round "11"]
[TimeControl "180+1"]
[Date "2021.07.27"]
[WhiteClock "0:00:02"]
[BlackClock "0:00:02"]

1. e4 c6 2. Ne2 d5 3. e5 Bf5 4. Ng3 Nh6 5. d4 e6 6. Bxh6 gxh6 7. Nxf5 exf5 8. Bd3 Qg5 9. Qf3 Qc1+ 10. Qd1 Qxb2 11. Nd2 Qxd4 12. Nf3 Bb4+ 13. Kf1 Qg4 14. h3 Qg7 15. Rb1 a5 16. Bxf5 O-O 17. h4 f6 18. Rh3 Qe7 19. e6 Kh8 20. Qc1 Na6 21. Qxh6 Bd6 22. h5 Nc5 23. Nh4 Qg7 24. Qd2 b5 25. Qe2 Rae8 26. Re3 Be5 27. Nf3 Nxe6 28. Nxe5 fxe5 29. Rxe5 Nc7 30. Rxe8 Rxe8 31. Qd3 Ne6 32. Re1 Nc7 33. Rxe8+ Nxe8 34. g3 Nd6 35. Bh3 Qe5 36. Qf3 Kg7 37. Qg4+ Kf8 38. h6 Qf6 0-1


[Site "https://www.chess.com"]

[Event "Titled Tuesday Blitz July 27 2021"]
[White "Makhnev, Denis"]
[Black "Rodriguez Hernandez, Luis Daniel"]
[WhiteFideId "13707647"]
[BlackFideId "3506770"]
[WhiteElo "2537"]
[BlackElo "2133"]
[Result "1-0"]
[Round "11"]
[TimeControl "180+1"]
[Date "2021.07.27"]
[WhiteClock "0:02:08"]
[BlackClock "0:01:16"]

1. d4 Nf6 2. c4 g6 3. Nc3 Bg7 4. e4 O-O 5. h3 d6 6. Be3 Na6 7. Nf3 c5 8. Be2 cxd4 9. Nxd4 Nc5 10. Qc2 a5 11. O-O Bd7 12. Rfd1 Rc8 13. Rac1 Re8 14. Bf1 h5 15. f3 Nh7 16. Qf2 Na4 17. Ncb5 Nf8 18. b3 Nc5 19. Nc3 b6 20. Nd5 Nfe6 21. Nb5 Bxb5 22. cxb5 Rb8 23. Bc4 Qd7 24. a3 Rec8 25. a4 Kh7 26. Qc2 Nd8 27. f4 e6 28. Nc3 Nxa4 29. Nxa4 1-0


[Site "https://www.chess.com"]

[Event "Titled Tuesday Blitz July 27 2021"]
[White "Martinez Alcantara, Jose Eduardo"]
[Black "Lazavik, Denis"]
[WhiteFideId "3805662"]
[BlackFideId "13515110"]
[WhiteElo "2690"]
[BlackElo "2436"]
[Result "0-1"]
[Round "11"]
[TimeControl "180+1"]
[Date "2021.07.27"]
[WhiteClock "0:00:27"]
[BlackClock "0:00:45"]

1. c4 c6 2. Nf3 d5 3. g3 Nf6 4. Bg2 Bf5 5. cxd5 cxd5 6. Qb3 Qb6 7. O-O Qxb3 8. axb3 Nc6 9. Nc3 Rc8 10. d3 a6 11. Bf4 Bd7 12. Na4 Nh5 13. Be3 e6 14. Rfc1 Bd6 15. Bc5 Ke7 16. d4 Nf6 17. Bxd6+ Kxd6 18. Nc5 Rc7 19. e3 Rhc8 20. Nd2 Nb4 21. Rc3 b6 22. Nxd7 Kxd7 23. Ra4 a5 24. Nb1 Ne4 25. Bxe4 dxe4 26. Kf1 Nd3 27. Ra2 f5 28. Ke2 Rxc3 29. Nxc3 Nc1+ 30. Kd2 Nxa2 31. Nxa2 Kc6 32. Nc3 g5 33. Ne2 h6 34. Nc3 b5 35. Ne2 b4 36. Nc1 Kb5 37. Ne2 a4 38. Nc1 Rc7 39. bxa4+ Kxa4 40. Kd1 b3 41. Ne2 Rc2 42. Nc3+ 0-1


[Site "https://www.chess.com"]

[Event "Titled Tuesday Blitz July 27 2021"]
[White "Matveeva, Olga"]
[Black "Leenhouts, Koen"]
[WhiteFideId "24107018"]
[BlackFideId "1008439"]
[WhiteElo "2108"]
[BlackElo "2409"]
[Result "0-1"]
[Round "11"]
[TimeControl "180+1"]
[Date "2021.07.27"]
[WhiteClock "0:00:15"]
[BlackClock "0:01:15"]

1. d4 Nf6 2. c4 g6 3. Nf3 Bg7 4. g3 c6 5. Bg2 d5 6. b3 O-O 7. O-O Bf5 8. Bb2 dxc4 9. bxc4 Qb6 10. Qb3 Ne4 11. Rd1 c5 12. Nh4 Nc6 13. Nxf5 gxf5 14. f3 Nd6 15. Nd2 Nxd4 16. Bxd4 Bxd4+ 17. Kf1 Bxa1 18. Rxa1 Qxb3 19. axb3 a6 20. f4 Rad8 21. Ke1 e6 22. Bf3 Rd7 23. h3 Rfd8 24. Ra2 Kg7 25. g4 fxg4 26. hxg4 f5 27. g5 h6 28. gxh6+ Kxh6 29. e3 Kg7 30. Nf1 Ne4 31. Rg2+ Kf6 32. Bh5 Rg7 0-1


[Site "https://www.chess.com"]

[Event "Titled Tuesday Blitz July 27 2021"]
[White "Mekhitarian, Krikor Sevag"]
[Black "Bortnyk, Olexandr"]
[WhiteFideId "2107660"]
[BlackFideId "14120828"]
[WhiteElo "2598"]
[BlackElo "2723"]
[Result "0-1"]
[Round "11"]
[TimeControl "180+1"]
[Date "2021.07.27"]
[WhiteClock "0:00:03"]
[BlackClock "0:00:05"]

1. b3 d5 2. Bb2 Bf5 3. Nf3 e6 4. g3 h6 5. Bg2 Nf6 6. O-O Be7 7. d3 O-O 8. Nbd2 a5 9. a3 Bh7 10. Re1 c6 11. e4 Nbd7 12. Qe2 Qb6 13. Rab1 a4 14. b4 Qa6 15. c4 Rad8 16. Rbc1 Qb6 17. exd5 cxd5 18. c5 Qa6 19. Bf1 Nb8 20. d4 Qxe2 21. Bxe2 Nc6 22. Bb5 Ra8 23. Ne5 Rfc8 24. Nxc6 bxc6 25. Bf1 Rcb8 26. Nb1 Ne8 27. Nc3 Nc7 28. Rcd1 Bf6 29. f4 Bc2 30. Rd2 Bb3 31. Kg2 g5 32. fxg5 hxg5 33. Nd1 Bg7 34. Ne3 f5 35. Nd1 g4 36. Nf2 Bh6 37. Bc1 Bxd2 38. Bxd2 Rc8 39. Bf4 Kf7 40. Nd3 Nb5 41. Ne5+ Kf6 42. Bxb5 cxb5 43. Nd7+ Ke7 44. Nb6 Bc2 45. Nxd5+ Kf7 46. Nb6 Be4+ 47. Kf2 Rh8 48. Nxa8 Rxh2+ 49. Ke3 Bxa8 50. d5 Bxd5 51. Kd4 Ra2 52. Re3 Kf6 53. Be5+ Ke7 54. Bf4 Rd2+ 55. Kc3 Rd1 56. Rd3 Re1 57. Re3 Rb1 58. Kc2 Ra1 59. Kb2 Ra2+ 60. Kb1 Rf2 61. Bd6+ Kd7 62. Be5 Kc6 63. Kc1 Be4 64. Rc3 Re2 65. Bf4 Bd5 66. Kd1 Rf2 67. Ke1 Ra2 68. Kd1 Bb3+ 69. Ke1 Rxa3 70. Rd3 Ra1+ 71. Kf2 Bd5 72. Rd2 Rb1 73. Be5 Rxb4 74. Ke3 Kxc5 75. Rh2 Re4+ 76. Kd3 Rxe5 77. Rc2+ Bc4+ 78. Kc3 Re3+ 79. Kb2 a3+ 80. Ka1 Re1+ 0-1


[Site "https://www.chess.com"]

[Event "Titled Tuesday Blitz July 27 2021"]
[White "Mezentsev, Ivan"]
[Black "Wong, Yinn Long"]
[WhiteFideId "13706195"]
[BlackFideId "5707684"]
[WhiteElo "2295"]
[BlackElo "2016"]
[Result "0-1"]
[Round "11"]
[TimeControl "180+1"]
[Date "2021.07.27"]
[WhiteClock "0:00:42"]
[BlackClock "0:00:20"]

1. e4 e6 2. d3 d5 3. Nd2 Nf6 4. Ngf3 Nc6 5. g3 b6 6. Bg2 dxe4 7. dxe4 Ba6 8. Bf1 Bxf1 9. Kxf1 Nxe4 10. Kg2 Nf6 11. c3 Be7 12. Qa4 Qd7 13. Nc4 O-O 14. Rd1 Qe8 15. Bf4 Nd5 16. Bg5 Bxg5 17. Nxg5 Nce7 18. Qc2 Ng6 19. h4 Qc6 20. Qe4 h6 21. Ne5 Ne3+ 22. fxe3 Nxe5 23. Kf2 Qxe4 24. Nxe4 Rfd8 25. b3 f5 26. Nd2 Rd3 27. Ke2 Rad8 28. Nf1 Rxd1 29. Rxd1 Rxd1 30. Kxd1 g5 31. hxg5 hxg5 32. Ke2 Kf7 33. Nd2 Kf6 34. a4 Kg6 35. Nb1 Kh5 36. Na3 c6 37. Nc2 c5 38. Na3 a6 39. b4 cxb4 40. cxb4 Kg4 41. Nc2 Kxg3 42. Nd4 f4 43. exf4 gxf4 44. Nxe6 f3+ 45. Kf1 Nc4 46. Nd4 Ne3+ 47. Ke1 f2+ 48. Kd2 f1=Q 49. Ne2+ Kf2 50. Nc3 Qc4 51. b5 axb5 52. axb5 Qd4+ 53. Kc1 Qxc3+ 54. Kb1 Qd2 55. Ka1 Nf5 56. Kb1 Nd6 57. Ka1 Kg3 58. Kb1 Kf4 59. Ka1 Ke5 60. Kb1 Kd4 61. Ka1 Kc3 0-1


[Site "https://www.chess.com"]

[Event "Titled Tuesday Blitz July 27 2021"]
[White "Moksh Amit Doshi"]
[Black "Willow, Jonah B"]
[WhiteFideId "25064967"]
[BlackFideId "438804"]
[WhiteElo "2245"]
[BlackElo "2261"]
[Result "1-0"]
[Round "11"]
[TimeControl "180+1"]
[Date "2021.07.27"]
[WhiteClock "0:00:40"]
[BlackClock "0:00:04"]

1. d4 c5 2. d5 Nf6 3. c4 e6 4. Nc3 exd5 5. cxd5 d6 6. e4 g6 7. Nf3 a6 8. a4 Bg4 9. Be2 Bxf3 10. Bxf3 Bg7 11. O-O O-O 12. Be3 Nbd7 13. h3 Re8 14. Qc2 Rb8 15. Be2 Qc7 16. Rfe1 c4 17. a5 Nc5 18. Bxc4 Ncxe4 19. Nxe4 Rxe4 20. b3 Rbe8 21. Bd2 Rxe1+ 22. Rxe1 Rxe1+ 23. Bxe1 Nxd5 24. Qe4 Nf6 25. Qf3 Qe7 26. Bb4 Bf8 27. Bc3 Bg7 28. Bb4 Qd7 29. Bc3 Nh5 30. Bd2 Be5 31. Bd5 Nf6 32. Bxb7 Qb5 33. b4 d5 34. Bc8 Qc4 35. Bb7 Qb5 36. Ba8 Ne4 37. Be1 f5 38. Qd1 d4 39. Qb3+ Kg7 40. Bd5 d3 41. Bc4 Qd7 42. Qxd3 Qxd3 43. Bxd3 Bc3 44. Bxc3+ Nxc3 45. Bxa6 Nd5 46. b5 Nb4 47. Bb7 1-0


[Site "https://www.chess.com"]

[Event "Titled Tuesday Blitz July 27 2021"]
[White "Molina, Roberto Junio Brito"]
[Black "Oparin, Grigoriy"]
[WhiteFideId "2109450"]
[BlackFideId "24125890"]
[WhiteElo "2402"]
[BlackElo "2628"]
[Result "1-0"]
[Round "11"]
[TimeControl "180+1"]
[Date "2021.07.27"]
[WhiteClock "0:01:24"]
[BlackClock "0:01:14"]

1. d4 f5 2. g3 Nf6 3. Bg2 g6 4. Nf3 Bg7 5. O-O O-O 6. c4 d6 7. Nc3 c6 8. d5 e5 9. dxe6 Bxe6 10. b3 Ne4 11. Nxe4 fxe4 12. Nd4 Qe7 13. Ba3 c5 14. Nxe6 Qxe6 15. Rc1 Nc6 16. e3 Rae8 17. Qe2 Qf5 18. Rcd1 Ne5 19. Rxd6 Nf3+ 20. Kh1 Qh5 21. h3 Re5 22. Rfd1 b6 23. Rd7 Qg5 24. Rxa7 Re7 25. Rxe7 Qxe7 26. Bb2 Bxb2 27. Qxb2 Qe6 28. Qe2 Ne5 29. Qf1 Nd3 30. Rxd3 exd3 31. Bd5 1-0


[Site "https://www.chess.com"]

[Event "Titled Tuesday Blitz July 27 2021"]
[White "Murzin, Volodar"]
[Black "Shtyka, Sergey"]
[WhiteFideId "44155573"]
[BlackFideId "4138465"]
[WhiteElo "2541"]
[BlackElo "2064"]
[Result "1-0"]
[Round "11"]
[TimeControl "180+1"]
[Date "2021.07.27"]
[WhiteClock "0:00:54"]
[BlackClock "0:00:01"]

1. e4 c5 2. Nf3 d6 3. Bb5+ Nd7 4. O-O a6 5. Bd3 g6 6. c3 Bg7 7. Bc2 Ngf6 8. d4 O-O 9. Nbd2 Qc7 10. Re1 b5 11. e5 Ne8 12. e6 fxe6 13. Ng5 Ndf6 14. Nxe6 Bxe6 15. Rxe6 cxd4 16. cxd4 d5 17. Nf3 Nd6 18. Bb3 Nc4 19. Bg5 h6 20. Bxf6 Rxf6 21. Qe2 Kf8 22. Re1 Re8 23. Nh4 Kf7 24. Bc2 g5 25. Bg6+ Kf8 26. Bxe8 gxh4 27. Rxe7 Qf4 28. Bf7 Nd2 29. Bxd5 1-0


[Site "https://www.chess.com"]

[Event "Titled Tuesday Blitz July 27 2021"]
[White "Najdin, Danil"]
[Black "ValeriyGrinev"]
[WhiteFideId "4172426"]
[WhiteElo "2193"]
[BlackElo "2601"]
[Result "0-1"]
[Round "11"]
[TimeControl "180+1"]
[Date "2021.07.27"]
[WhiteClock "0:00:24"]
[BlackClock "0:01:18"]

1. e4 e5 2. Nf3 Nc6 3. Bb5 a6 4. Ba4 Nf6 5. O-O Nxe4 6. Re1 Nc5 7. Nxe5 Nxe5 8. Rxe5+ Be7 9. Nc3 O-O 10. d4 Nxa4 11. Nxa4 b5 12. Nc3 Bb7 13. Re1 Re8 14. Bf4 d6 15. a3 Bf6 16. Qd2 Qd7 17. Bg5 Qg4 18. f3 Qxg5 19. Qxg5 Bxg5 20. Ne4 Bh6 21. Rad1 f5 22. Ng3 Be3+ 23. Kf1 g6 24. Rd3 Bf4 25. Kf2 Rxe1 26. Kxe1 Bxg3+ 27. hxg3 Re8+ 28. Kf2 Bd5 29. b3 Kg7 30. Rd1 Kf6 31. Rh1 h5 32. Rd1 Kg5 33. Rh1 Rh8 34. Rc1 Bf7 35. c4 bxc4 36. bxc4 Rb8 37. c5 Rb2+ 38. Kg1 h4 39. gxh4+ Kxh4 40. Kh2 Bd5 41. cxd6 Bxf3 42. d7 Rxg2+ 43. Kh1 Rd2+ 44. Kg1 Rxd4 45. Rxc7 Kg3 0-1


[Site "https://www.chess.com"]

[Event "Titled Tuesday Blitz July 27 2021"]
[White "Nakamura, Hikaru"]
[Black "Sadhwani, Raunak"]
[WhiteFideId "2016192"]
[BlackFideId "35093487"]
[WhiteElo "2900"]
[BlackElo "2514"]
[Result "1-0"]
[Round "11"]
[TimeControl "180+1"]
[Date "2021.07.27"]
[WhiteClock "0:00:48"]
[BlackClock "0:00:16"]

1. e4 e5 2. Nf3 Nc6 3. Bb5 Nf6 4. d3 Bc5 5. O-O Nd4 6. Be3 c6 7. Bxd4 exd4 8. Ba4 O-O 9. a3 d5 10. e5 Ne8 11. h3 Nc7 12. Nbd2 b5 13. Bb3 Bf5 14. Re1 Ne6 15. Nf1 Bg6 16. Ba2 a5 17. Ng3 h6 18. Qd2 Qb6 19. Nh2 b4 20. f4 bxa3 21. bxa3 Bxa3 22. f5 Bb4 23. Qc1 Bxe1 24. Qxe1 Qb4 25. fxg6 Qxe1+ 26. Rxe1 fxg6 27. Nf3 Rfb8 28. Ra1 a4 29. Ne2 Rb4 30. Kf1 Kf7 31. Ke1 Ke7 32. Kd2 Rab8 33. Nh4 g5 34. Nf3 Kd7 35. Kc1 Kc7 36. Bb1 Kd7 37. c3 dxc3 38. Nxc3 Nc5 39. Bc2 Ke6 40. d4 Rc4 41. dxc5 Rxc3 42. Nd4+ Kd7 43. Rxa4 Rb7 44. e6+ Ke7 45. Nxc6+ Kf6 46. e7 Rxe7 47. Nxe7 Kxe7 48. Ra7+ Kf6 49. Rc7 Ke5 50. c6 Kd6 51. Rxg7 Rxc6 52. Rg6+ Kc5 53. Rxc6+ Kxc6 54. Kd2 Kd6 55. g4 Ke5 56. Bg6 Kf4 57. Kd3 Kg3 58. Kd4 Kxh3 59. Bh5 Kg3 60. Kxd5 Kf4 61. Ke6 Ke4 62. Kf6 1-0


[Site "https://www.chess.com"]

[Event "Titled Tuesday Blitz July 27 2021"]
[White "Nastore, Pavel-Alexandru"]
[Black "Omk124"]
[WhiteFideId "1255002"]
[WhiteElo "1763"]
[BlackElo "2581"]
[Result "0-1"]
[Round "11"]
[TimeControl "180+1"]
[Date "2021.07.27"]
[WhiteClock "0:00:02"]
[BlackClock "0:01:03"]

1. e4 g6 2. d4 Bg7 3. c4 c6 4. Nc3 d6 5. f4 e5 6. fxe5 dxe5 7. d5 Nf6 8. Bd3 O-O 9. Nf3 Nbd7 10. O-O Ng4 11. Qe2 Nc5 12. Bc2 Qb6 13. Kh1 Qc7 14. b4 Nd7 15. c5 a5 16. d6 Qd8 17. Qc4 axb4 18. Qxb4 Qa5 19. Qxa5 Rxa5 20. Na4 Nxc5 21. Nxc5 Rxc5 22. Bb3 Be6 23. Ba3 Rc3 24. Bb4 Rd3 25. Bxe6 fxe6 26. Ng5 Rxf1+ 27. Rxf1 Bf6 28. Nxe6 Kf7 29. Nd8+ Ke8 30. Nxb7 Nf2+ 31. Kg1 Nxe4 32. Nc5 Nxc5 33. Bxc5 Bd8 34. a4 Rd5 35. Ba3 e4 36. Re1 Bb6+ 37. Kf1 e3 38. Bb4 Rf5+ 39. Ke2 Rf2+ 40. Kd3 Rxg2 41. a5 Ba7 42. Kc4 Kd7 43. a6 Ra2 44. Bc5 Rc2+ 45. Kd3 Rxc5 46. Rxe3 Rd5+ 0-1


[Site "https://www.chess.com"]